 Dungeon Crawl Stone Soup version 0.26.1-2-gb8aa6d0 (webtiles) character file.

Game seed: 12120479483056754548

8684 Sixotanaka the Unseen (level 11, -8/43 (47) HPs)
             Began as a Spriggan Enchanter on Feb 20, 2021.
             Was a High Priest of Dithmenos.
             Killed from afar by an orc sorcerer (46 damage)
             ... with a bolt of negative energy
             ... led by an orc knight
             ... on level 2 of the Orcish Mines on Feb 21, 2021.
             The game lasted 00:54:17 (14335 turns).

Sixotanaka the Unseen (Spriggan Enchanter)         Turns: 14335, Time: 00:54:18

HP:   -8/43 (47)    AC:  8    Str:  4    XL:     11   Next: 13%
MP:   15/17         EV: 27    Int: 17    God:    Dithmenos [*****.]
Gold: 490           SH:  0    Dex: 20    Spells: 3/17 levels left

rFire    + . .     SeeInvis +   C - +2 dagger (venom)
rCold    + . .     Faith    .   (shield restricted)
rNeg     . . .     Spirit   .   O - +2 robe {Will+}
rPois    .         Reflect  .   (helmet restricted)
rElec    .         Harm     .   H - scarf {rC+ rF+}
rCorr    .         Rampage  .   (gloves unavailable)
Will     ++...                  (boots unavailable) Stlth *+++++++++
                                (no amulet)
HPRegen  0.14/turn              h - +4 ring of protection
MPRegen  0.15/turn              c - ring of stealth

@: wreathed by umbra, drained, very quick
A: very small, unfitting armour, see invisible, speed 3
a: Renounce Religion, Shadow Step, Shadow Form


You were on level 2 of the Orcish Mines.
You worshipped Dithmenos.
Dithmenos was extremely pleased with you.
You visited 2 branches of the dungeon, and saw 11 of its levels.

You collected 787 gold pieces.
You spent 297 gold pieces at shops.

Inventory:

Hand Weapons
 y - a +1 dagger of speed
 C - a +2 dagger of venom (weapon)
Missiles
 b - 24 poisoned darts
 w - 6 curare-tipped darts
Armour
 F - a +2 robe of positive energy
 H - a scarf of resistance (worn)
 J - a +0 tower shield
 O - a +2 robe of willpower (worn)
Jewellery
 c - a ring of stealth (right hand)
 d - an uncursed ring of protection from cold {unknown}
 h - a +4 ring of protection (left hand)
 o - a +4 ring of protection
 A - a cursed ring of teleportation
 D - an uncursed ring of see invisible
 E - an uncursed ring of resist corrosion {unknown}
 K - an uncursed amulet of guardian spirit {unknown}
Wands
 u - a wand of flame (18)
 M - a wand of random effects (22)
Scrolls
 e - a scroll of noise {unknown}
 g - 5 scrolls of fear
 i - a scroll of immolation {unknown}
 j - 8 scrolls of teleportation
 n - 2 scrolls of enchant weapon
 p - a scroll of magic mapping {unknown}
 q - 3 scrolls of remove curse
 r - a scroll of amnesia {unknown}
 L - 2 scrolls of identify
 N - a scroll of silence {unknown}
Potions
 a - 5 potions of heal wounds
 f - 5 potions of brilliance
 k - 2 potions of flight
 l - 2 potions of invisibility
 m - 5 potions of lignification
 s - 4 potions of berserk rage
 t - 4 potions of curing
 v - 2 potions of magic {unknown}
 x - 3 potions of might
 z - a potion of haste
 B - 2 potions of mutation {unknown}
 G - 2 potions of ambrosia {unknown}
 I - a potion of resistance {unknown}


   Skills:
 - Level 10.0 Short Blades
 + Level 10.0 Dodging
 + Level 15.4 Stealth
 - Level 3.9 Spellcasting
 - Level 8.1 Hexes
 - Level 4.1 Invocations
 - Level 3.5 Evocations


You had 3 spell levels left.
You knew the following spells:

 Your Spells              Type           Power        Failure   Level
a - Corona                Hex            34%          1%          1
b - Ensorcelled Hibernat  Hex/Ice        34%          4%          2
c - Confusing Touch       Hex            31%          1%          3
d - Tukima's Dance        Hex            31%          1%          3
e - Blink                 Tloc           N/A          24%         2
f - Mephitic Cloud        Conj/Pois/Air  3%           43%         3

Your spell library contained the following spells:

 Spells                   Type           Power        Failure   Level
 Slow                     Hex            31%          1%          2
 Dazzling Flash           Conj/Hex       34%          9%          3
 Magic Dart               Conj           12%          16%         1
 Call Imp                 Summ           3%           24%         2
 Conjure Flame            Conj/Fire      3%           43%         3


Dungeon Overview and Level Annotations

Branches:
Dungeon (9/15)             Temple (0/1) D:6            Lair (0/6) D:8
    Orc (2/2) D:9
    Elf: Orc:2

Altars:
Ashenzari
Cheibriados
Dithmenos
Fedhas
Hepliaklqana
Nemelex Xobeh
Okawaru
Qazlal
Sif Muna
Uskayaw
Yredelemnul
Zin
The Shining One
Beogh

Shops:
D:4 *!*   D:5 (([[(

Annotations:
D:8 3 runed translucent doors, Dega's ghost, novice DsFi


Innate Abilities, Weirdness & Mutations

You are very small and have problems with some larger weapons.
You are too small for most types of armour.
You have supernaturally acute eyesight. (SInv)
You cover ground extremely quickly.


Message History

The ufetubus hits you but does no damage.
The ufetubus completely misses you. The orc sorcerer casts a spell at you.
The bolt of negative energy misses you. The ufetubus barely misses you.
The ufetubus hits you.
You completely miss the orc sorcerer.
The orc sorcerer is lightly wounded.
The ufetubus hits you but does no damage.
The ufetubus closely misses you. The ufetubus completely misses you.
The ufetubus misses you. x3
The ufetubus closely misses you. The ufetubus hits you.
The ufetubus completely misses you. The ufetubus hits you.
The ufetubus completely misses you. x2
The ynoxinul disappears in a puff of smoke!
The ufetubus disappears in a puff of smoke! x8
An ogre comes into view. It is wielding a +0 giant club.
The orc sorcerer gestures at you while chanting.
The bolt of negative energy hits you!!!
You feel drained.
Ouch! That really hurt!
You die...

#### ####### ####..##
###.#.#.##
##.#....####§.§§....#
#...#...#.#§§......##
##...........§o.....#
#............§#@...##
#.............§#....#
##..................#
##....#............##
#..................#
##.................#
#................O##
#..................
##.#........)......


You could see an orc sorcerer (very poisoned) and an ogre (wandering).

Vanquished Creatures
  Josephine (Orc:1)
  A two-headed ogre (D:8)
  An elephant (D:8)
  3 trolls (D:9)
  5 wraiths (Orc:1)
  2 wyverns (D:8)
  2 water moccasins (D:9)
  Duvessa (D:7)
  3 black bears
  10 orc warriors
  An ice beast (D:8)
  A phantom (D:6)
  A necrophage (D:8)
  11 ogres
  A centaur (D:6)
  2 big kobolds
  2 bullfrogs
  4 gnoll sergeants (D:9)
  3 scorpions
  Dowan (D:7)
  9 wights
  2 howler monkeys
  A bullfrog zombie (D:9)
  A centaur zombie (D:7)
  3 jellies
  A quasit (D:9)
  A centaur skeleton (D:5)
  3 orc priests
  6 hounds
  11 orc wizards
  4 iguanas
  7 worker ants
  A hound skeleton (D:6)
  7 adders
  8 gnolls
  A howler monkey skeleton (D:4)
  2 shadow imps
  A white imp (D:5)
  An ufetubus (D:6)
  2 oozes
  2 adder skeletons
  A worm (D:3)
  4 dart slugs (D:1)
  7 leopard geckos
  57 orcs
  A ball python (D:4)
  7 giant cockroaches
  7 goblins
  2 hobgoblins
  2 jackals (D:4)
  10 kobolds
  4 quokkas
  4 bats
  7 frilled lizards
  A jackal skeleton (D:4)
  A leopard gecko skeleton (D:4)
  A quokka skeleton (D:5)
  12 rats
258 creatures vanquished.

Vanquished Creatures (others)
  An orc wizard (D:4)
  4 plants (D:4)
5 creatures vanquished.

Grand Total: 263 creatures vanquished

Notes
Turn   | Place    | Note
-------+----------+-------------------------------------------
     0 | D:1      | Sixotanaka the Spriggan Enchanter began the quest for the
                  | Orb.
     0 | D:1      | Reached XP level 1. HP: 9/9 MP: 5/5
   462 | D:1      | Reached XP level 2. HP: 5/13 MP: 4/6
   653 | D:1      | Learned a level 2 spell: Ensorcelled Hibernation
   924 | D:1      | Reached skill level 5 in Stealth
  1212 | D:1      | Reached XP level 3. HP: 16/16 MP: 8/8
  1712 | D:1      | Found a roughly hewn altar of Beogh.
  1717 | D:1      | Noticed an orc warrior
  2431 | D:2      | Found a stormy altar of Qazlal.
  2937 | D:3      | Reached skill level 6 in Stealth
  2937 | D:3      | Reached XP level 4. HP: 21/21 MP: 4/9
  3278 | D:3      | Noticed an ogre
  3532 | D:3      | Found a shadowy altar of Dithmenos.
  3538 | D:3      | Became a worshipper of Dithmenos the Shadowed
  3596 | D:3      | Killed an ogre
  3597 | D:3      | Reached skill level 7 in Stealth
  3597 | D:3      | Reached skill level 5 in Hexes
  3597 | D:3      | Reached XP level 5. HP: 24/24 MP: 2/10
  3721 | D:3      | Found a glowing golden altar of the Shining One.
  3801 | D:3      | Found a basalt altar of Yredelemnul.
  3983 | D:4      | Found Kied's General Store.
  3988 | D:4      | Bought a scroll of teleportation for 30 gold pieces
  3988 | D:4      | Bought a potion of might for 40 gold pieces
  3988 | D:4      | Bought a scroll of teleportation for 30 gold pieces
  4025 | D:4      | Found Motabes's Distillery.
  4032 | D:4      | Bought a potion of haste for 120 gold pieces
  4032 | D:4      | Bought a potion of curing for 36 gold pieces
  4210 | D:4      | Reached skill level 8 in Stealth
  4223 | D:4      | Reached XP level 6. HP: 28/28 MP: 3/11
  4831 | D:4      | Reached * piety under Dithmenos
  4845 | D:4      | Reached skill level 9 in Stealth
  4980 | D:4      | Found Tolocwoe's General Store.
  4991 | D:4      | Bought a scroll of identify for 26 gold pieces
  5307 | D:4      | Found a shimmering blue altar of Sif Muna.
  5401 | D:4      | Learned a level 3 spell: Confusing Touch
  5405 | D:4      | Found a broken altar of Ashenzari.
  5736 | D:5      | Entered Level 5 of the Dungeon
  5740 | D:5      | Found Xecsuaj's Armour Shoppe.
  5748 | D:5      | Bought a cursed +0 pair of gloves for 15 gold pieces
  5761 | D:5      | Found Fatsom's Antique Weapon Emporium.
  5790 | D:5      | Found Guasm's Armour Shop.
  5800 | D:5      | Found Ycryuseph's Antique Weapon Shop.
  5890 | D:5      | Reached XP level 7. HP: 32/32 MP: 7/12
  6181 | D:5      | Reached skill level 10 in Stealth
  6412 | D:5      | Found an iron altar of Okawaru.
  6587 | D:5      | Learned a level 3 spell: Tukima's Dance
  6623 | D:5      | Found Xysyul's Antique Weapon Emporium.
  6982 | D:6      | Found a staircase to the Ecumenical Temple.
  7505 | D:6      | Reached skill level 11 in Stealth
  8341 | D:6      | Reached XP level 8. HP: 25/36 MP: 7/13
  8524 | D:6      | Reached ** piety under Dithmenos
  9272 | D:7      | Found a snail-covered altar of Cheibriados.
  9282 | D:7      | Found a hide-covered altar of Uskayaw.
  9360 | D:7      | Reached skill level 12 in Stealth
  9820 | D:7      | Found a sparkling altar of Nemelex Xobeh.
  9824 | D:7      | Noticed Dowan
  9840 | D:7      | Noticed Duvessa
  9842 | D:7      | Found a blossoming altar of Fedhas.
  9844 | D:7      | Killed Dowan
  9881 | D:7      | Killed Duvessa
 10355 | D:8      | Found a staircase to the Lair.
 10355 | D:8      | Noticed an elephant
 10718 | D:8      | Killed an elephant
 10719 | D:8      | Reached skill level 5 in Short Blades
 10719 | D:8      | Reached skill level 5 in Dodging
 10719 | D:8      | Reached skill level 13 in Stealth
 10719 | D:8      | Reached skill level 1 in Evocations
 10719 | D:8      | Reached XP level 9. HP: 39/39 MP: 12/15
 10788 | D:8      | Found a hazy altar of Hepliaklqana.
 10801 | D:8      | Noticed a two-headed ogre
 10808 | D:8      | Killed a two-headed ogre
 10848 | D:8      | Found a runed translucent gate.
 10848 | D:8      | Found a runed translucent gate.
 10848 | D:8      | Found a runed translucent gate.
 10851 | D:8      | Noticed Dega's ghost (novice DsFi)
 10977 | D:8      | Found a roughly hewn altar of Beogh.
 10979 | D:8      | Reached skill level 1 in Invocations
 11016 | D:8      | Reached *** piety under Dithmenos
 11287 | D:8      | Reached XP level 10. HP: 44/44 MP: 8/16
 11683 | D:9      | Reached skill level 14 in Stealth
 12239 | D:9      | Reached **** piety under Dithmenos
 12665 | D:9      | Found a glowing silver altar of Zin.
 12853 | D:9      | Found a staircase to the Orcish Mines.
 13275 | D:9      | Learned a level 2 spell: Blink
 13279 | D:9      | Learned a level 3 spell: Mephitic Cloud
 13625 | Orc:1    | Entered Level 1 of the Orcish Mines
 13777 | Orc:1    | Noticed Josephine
 13936 | Orc:1    | Reached skill level 10 in Short Blades
 13953 | Orc:1    | Reached skill level 15 in Stealth
 13958 | Orc:1    | Reached XP level 11. HP: 40/47 MP: 9/17
 14085 | Orc:1    | Killed Josephine
 14086 | Orc:1    | Reached skill level 10 in Dodging
 14225 | Orc:2    | Entered Level 2 of the Orcish Mines
 14275 | Orc:2    | Reached ***** piety under Dithmenos
 14281 | Orc:2    | Noticed an orc sorcerer
 14282 | Orc:2    | Noticed an orc knight
 14335 | Orc:2    | Killed from afar by an orc sorcerer

Illustrated notes

Levels and vault maps discovered:
D:1:      erik_arrival_cave_to_civilisation [erik_arrival_cave_to_temple],
          layout_basic
D:2:      layout_basic, overflow_temple_1_default
D:3:      layout_loops_ring, lemuel_doored_altar,
          nicolae_dithmenos_through_a_glass_darkly, lemuel_crystal_altar
D:4:      layout_loops_ring, tgw_sif, cheibrodos_ashenzari_chains, serial_shops,
          shop, nicolae_shop_stone, nicolae_shop_waterfront, serial_bayou,
          serial_bayou_pond_d, serial_bayou_pond_b, serial_bayou_shore_b,
          serial_bayou_pond_d, grunt_ministairs_9
D:5:      layout_basic, okawaru_gym_becter, serial_shops, shop, shop, shop,
          nicolae_shop_waterfront, shop, corexii_item_surrounded_by_moat,
          hangedman_minor_gate_pass
D:6:      layout_gridville, minmay_temple_entry_sparse_star
D:7:      layout_rooms, nemelex_xobeh_ov_fountains_minmay,
          nicolae_overflow_hidden_temple, amethyst_killhole, fedhas_altar_3,
          uniq_duvessa
D:8:      layout_rooms, nzn_hepliaklqana_mist_gate, david_lair_generic,
          special_room [special_room_orc], gammafunk_ghost_necromancy
D:9:      layout_roguey, kennysheep_mini_moat,
          kennysheep_orc_monster_closet_entryway
Orc:1:    layout_diamond_mine, uniq_josephine
Orc:2:    st_orc_congregation, layout_caves, basic_altar

Skill      XL: |  1  2  3  4  5  6  7  8  9 10 11 |
---------------+----------------------------------+-----
Hexes          | 4 5 6 8 |  8.1
Stealth        | 5 6 7 8 9 11 13 15 | 15.4
Short Blades   | 2 3 5 7 10 | 10.0
Spellcasting   | 3 |  3.9
Dodging        | 5 7 9 10 | 10.0
Evocations     | 1 3 |  3.5
Invocations    | 2 4 |  4.1

Action                   |  1- 3 |  4- 6 |  7- 9 | 10-12 || total
-------------------------+-------+-------+-------+-------++-------
Melee: Dagger            |   123 |    96 |   257 |   259 ||   735
 Cast: Corona            |     4 |     1 |     2 |       ||     7
       Ensorcelled Hiber |    22 |    50 |    73 |    58 ||   203
       Confusing Touch   |       |       |     8 |    15 ||    23
       Tukima's Dance    |       |       |       |     1 ||     1
  Use: Scroll            |       |     5 |    10 |       ||    15
 Stab: Sleeping          |    27 |    39 |    56 |    45 ||   167
       Distracted        |     1 |       |     1 |     3 ||     5
       Confused          |       |       |     7 |    15 ||    22
Armor: Robe              |     9 |     8 |    14 |    17 ||    48
Dodge: Dodged            |   106 |    58 |   149 |   176 ||   489
